 BcadrenCrawl: Boulder Brew version 0.04.2-19-ga012a504bd (webtiles) character file.

Game seed: 11553927512298442573, levelgen mode: deterministic

56 gruber the Caller (level 4, 0/27 HPs) Goblin Summoner. Began on May 21, 2021. Slain by a sewer rat (5 damage) ... on level 1 of the Dungeon. The game lasted 00:05:16 (964 turns).

gruber the Caller (Goblin Summoner)                  Turns: 964, Time: 00:05:16

Health: 0/27       AC:  2    Str:  2    XL:     4 ^: 58
Magic:  5/6        EV: 13    Int: 14    God:
Gold:   120        SH:  0    Dex:  7    Spells: 4/8 levels left

rFire    . . .     Vision   .   d - +0 buckler
rCold    . . .     Gourm    .   g - +0 short sword
rNeg     . . .     Faith    .   a - +0 robe
rPois    .         Spirit   .   (helmet restricted)
rElec    .         Reflect  .   (no cloak)
rCorr    .         Harm     .   (no gloves)
MR       .....                  (no boots)
Stlth    +.........             (no amulet)
HPRegen  0.19/turn              f - ring of intelligence
MPRegen  0.16/turn              (no ring)

@: heavily drained, very slow
A: small, stagnant stats, goblin's greed, antennae 1, low mp 1, mutation
resistance 1, god's pity 2
a: no special abilities


You were on level 1 of the Dungeon.
You were very hungry.

You visited 1 branch of the dungeon, and saw 1 of its levels.

You collected 101 gold pieces.

Inventory:

Weapons
 g - a +0 short sword (weapon)
 h - a cursed +0 dagger of venom {(Curse: *Drain)}
 l - a cursed +0 hunting sling of molten steel {(Curse: *Drain)} Shields
 d - a +0 buckler (shield)
Armour
 a - a +0 robe (worn)
Jewellery
 f - a ring of intelligence (left hand)
Scrolls
 e - a scroll of amnesia
 k - a scroll of blinking
 n - a scroll of teleportation
Potions
 b - 4 potions of curing
 j - a potion of heal wounds
 m - a potion of brilliance
Miscellaneous
 i - a lamp of fire
Comestibles
 c - 3 rations


   Skills:
 - Level 2.6(1.0) Dodging
 - Level 2.6(1.0) Stealth
 * Level 4.6(2.9) Shields
 - Level 2.6(1.0) Spellcasting
 - Level 5.3(3.5) Summonings


You had 4 spell levels left.
You knew the following spells:

 Your Spells              Type           Power        Failure   Level  Hunger
a - Summon Small Mammal   Summ           10 (25)      8%          1    ##.....
b - Call Canine Familiar  Summ           10 (100)     22%         3    ####...

Your spell library contained the following spells:

 Spells                   Type           Power        Failure   Level  Hunger
 Call Imp                 Summ           10 (100)     12%         2    ###....
 Summon Ice Beast         Ice/Summ       5 (100)      85%         4    #####..
 Summon Lightning Spire   Summ/Air       5 (100)      99%         5    ######.


Dungeon Overview and Level Annotations

Branches:
Dungeon (1/8)

Altars:


Innate Abilities, Weirdness & Mutations

Your stats never grow through leveling.
Your goblin ancestry allows you to find more gold. (+20%)
You are small and have problems with some larger weapons.
Your magical capacity is low. (-10% MP)
You are somewhat resistant to further mutation.
The pity of the gods increases the power of your passive and invoked divine abilities.
You have a pair of small antennae on your head.


Message History

Your rat bites the sewer rat but does no damage.
Your rat bites the sewer rat (3).
Your magical contamination has completely faded away.
Unknown command.
You closely miss the sewer rat.
Your rat disappears in a puff of smoke!
The sewer rat misses you (0).
Your rat closely misses the sewer rat (0). x2
The sewer rat closely misses you (0).
Your rat splashes around in the water.
Unknown command.
Unknown command.
Unknown command.
Unknown command.
You barely miss the sewer rat.
Your rat closely misses the sewer rat (0).
The sewer rat bites you but does no damage.
Your rat splashes around in the water.
Your rat closely misses the sewer rat (0).
The sewer rat bites you (5).
You die...

##≈≈####≈≈#### #≈≈≈≈≈≈≈≈≈≈?.#
##≈≈####≈≈##?# #≈## ####..#
#≈# { #†##### #≈# #.....# #†##
#.....# ##§r####≈≈##....#
#≈@rr≈≈≈≈≈≈#....#
###############≈≈####≈≈##[...#
#.?...........####..####.....#
#<...........................#
#..................)....##.###
#################........##.#
#..####### #...#.......##.#
#........#####.############.#
#..#####.##....# #.#


You could see a submerged sewer rat and 2 friendly rats.

Vanquished Creatures
  2 cinder newts (D:1)
  A dart slug (D:1)
  A leopard gecko (D:1)
  A goblin (D:1)
  A kobold (D:1)
  3 rats (D:1)
9 creatures vanquished.

Vanquished Creatures (collateral kills)
  5 cinder newts (D:1)
  A dart slug (D:1)
  A leopard gecko (D:1)
  A ball python (D:1)
  3 goblins (D:1)
  4 hobgoblins (D:1)
  3 bats (D:1)
  4 kobolds (D:1)
  A rat (D:1)
23 creatures vanquished.

Grand Total: 32 creatures vanquished

Notes
Turn   | Place    | Note
-------+----------+-------------------------------------------
     0 | D:1      | gruber the Goblin Summoner began the quest for the Orb.
     0 | D:1      | Reached XP level 1. HP: 11/11 MP: 2/2
    43 | D:1      | Reached skill level 1 in Shields
   118 | D:1      | Reached XP level 2. HP: 14/17 MP: 0/4
   201 | D:1      | Gained mutation: You have a pair of small antennae on your
                  | head. [potion of mutation]
   377 | D:1      | Reached XP level 3. HP: 18/21 MP: 1/5
   471 | D:1      | Learned a level 3 spell: Call Canine Familiar
   651 | D:1      | Reached XP level 4. HP: 27/27 MP: 6/6
   964 | D:1      | Slain by a sewer rat

Levels and vault maps discovered:
D:1:      wheals_arrival_shading, layout_rooms, minmay_misc_feat_room,
          minivault_10, gup_sewer_entry_bubbles

Skill      XL: |  1  2  3 |
---------------+----------+-----
Shields        | 2 3 4 |  4.6
Dodging        | |  2.6
Stealth        | |  2.6
Spellcasting   | |  2.6
Summonings     | |  5.3

Action                   |  1- 3 |  4- 6 || total
-------------------------+-------+-------++-------
Melee: Unarmed           |    72 |       ||    72
       Short sword       |    71 |    30 ||   101
 Cast: Summon Small Mamm |    33 |     6 ||    39
       Call Canine Famil |     4 |     2 ||     6
  Use: Potion            |     1 |       ||     1
 Stab: Sleeping          |     2 |       ||     2
       Distracted        |     1 |     1 ||     2
  Eat: Chunk             |       |     1 ||     1
Armor: Robe              |    26 |     1 ||    27
Dodge: Dodged            |   149 |    43 ||   192
